| TOP OF THE 1ST |
|
Burlington Royals batting - Pitching for Cleveland (APP) Indians : RHP Mike Shields
|
|
Pitching: RHP Mike Shields
|
|
|
Batting: LHB Ernesto Abreu
|
0-0: Ball 1-0: Ball 2-0: Called Strike 2-1: Foul Ball, location: 2F 2-2: Foul Ball, location: 2F 2-2: Ground out U3 (Groundball, 13, EV 83.8 MPH)
|
|
Batting: RHB Tim Persson
|
0-0: Called Strike 0-1: Foul Ball, location: 2F 0-2: Ground out 6-3 (Groundball, 6, EV 91.3 MPH)
|
|
Batting: SHB Manny Berrones
|
0-0: Called Strike 0-1: Ball 1-1: Swinging Strike 1-2: Ball 2-2: Fly out, F7 (Flyball, 7, EV 88.1 MPH)
|
| Top of the 1st over - 0 runs, 0 hits, 0 errors, 0 left on base; Burlington 0 - Cleveland (APP) 0 |
| BOTTOM OF THE 1ST |
|
Cleveland (APP) Indians batting - Pitching for Burlington Royals : RHP Steve Ryals
|
|
Pitching: RHP Steve Ryals
|
|
|
Batting: RHB John Clark
|
0-0: Called Strike 0-1: Ball 1-1: Ball 2-1: Foul Ball, location: 2F 2-2: Strikes out swinging
|
|
Batting: RHB Carlos Manriquez
|
0-0: Ball 1-0: Called Strike 1-1: Ball 2-1: Foul Ball, location: 2F 2-2: Ball 3-2: Ground out 1-3 (Groundball, 15S, EV 66.9 MPH)
|
|
Batting: RHB Juan Gallardo
|
0-0: Swinging Strike 0-1: Swinging Strike 0-2: Strikes out swinging
|
| Bottom of the 1st over - 0 runs, 0 hits, 0 errors, 0 left on base; Burlington 0 - Cleveland (APP) 0 |
| TOP OF THE 2ND |
|
Burlington Royals batting - Pitching for Cleveland (APP) Indians : RHP Mike Shields
|
|
Batting: SHB Danny Ballenger
|
0-0: Ball 1-0: Ball 2-0: Foul Ball, location: 2F 2-1: SOLO HOME RUN (Flyball, 9D, EV 99.4 MPH), Distance : 390 ft
|
|
Pitching: RHP Gilbert Paparelli
|
|
|
Batting: RHB Rob Ward
|
0-0: Ball 1-0: Ball 2-0: Called Strike 2-1: Ball 3-1: SINGLE (Line Drive, 78S, EV 106.3 MPH)
|
|
Batting: LHB Bobby Gonzalez
|
0-0: Ball Passed Ball! Rob Ward to second 1-0: Called Strike 1-1: Ball 2-1: Ball 3-1: Base on Balls
|
|
Batting: SHB Marcos Cortez
|
0-0: Ball 1-0: Ball 2-0: Ball Passed Ball! Rob Ward to third Bobby Gonzalez to second 3-0: Called Strike 3-1: Base on Balls
|
|
Batting: RHB Shane Bruce
|
0-0: Called Strike 0-1: Ball 1-1: Ball Passed Ball! Rob Ward scores Bobby Gonzalez to third Marcos Cortez to second 2-1: Foul Ball, location: 2F 2-2: Strikes out swinging
|
|
Pitching: LHP Jordan Jimenez
|
|
|
Batting: RHB Matthew Orphan
|
0-0: Called Strike 0-1: Called Strike 0-2: Foul Ball, location: 2F 0-2: Fly out, F8 (Flyball, 8RD, EV 94.4 MPH) Runner from 3rd tags up, SCORES, throw by CF Marcos Cortez to third
|
|
Batting: LHB Ernesto Abreu
|
0-0: Ball Wild Pitch! Marcos Cortez scores 1-0: Ball 2-0: Fly out, F4 (Popup, 4MD, EV 56.3 MPH)
|
| Top of the 2nd over - 4 runs, 2 hits, 0 errors, 0 left on base; Burlington 4 - Cleveland (APP) 0 |
| BOTTOM OF THE 2ND |
|
Cleveland (APP) Indians batting - Pitching for Burlington Royals : RHP Steve Ryals
|
|
Batting: RHB Luis Roman
|
0-0: Called Strike 0-1: Called Strike 0-2: Strikes out looking
|
|
Batting: LHB Kenji Yokoyama
|
0-0: Ball 1-0: Ball 2-0: Foul Ball, location: 2F 2-1: Foul Ball, location: 2F 2-2: Strikes out swinging
|
|
Batting: RHB Joe Shade
|
0-0: Swinging Strike 0-1: Swinging Strike 0-2: Strikes out swinging
|
| Bottom of the 2nd over - 0 runs, 0 hits, 0 errors, 0 left on base; Burlington 4 - Cleveland (APP) 0 |
| TOP OF THE 3RD |
|
Burlington Royals batting - Pitching for Cleveland (APP) Indians : LHP Jordan Jimenez
|
|
Batting: RHB Tim Persson
|
0-0: Ball 1-0: Foul Ball, location: 2F 1-1: Ball 2-1: Foul Ball, location: 7LSF, Error on foul ball, E7 2-2: Foul Ball, location: 2F 2-2: SINGLE (Line Drive, 8RS, EV 107.5 MPH)
|
|
Batting: SHB Manny Berrones
|
0-0: Ball 1-0: Ball Tim Persson steals 2nd base 2-0: Swinging Strike 2-1: Foul Ball, location: 2F 2-2: Foul Ball, location: 2F 2-2: Ball 3-2: SINGLE (Groundball, 56D, EV 96.9 MPH) Tim Persson to third
|
|
Batting: SHB Danny Ballenger
|
0-0: Foul Ball, location: 2F 0-1: Called Strike 0-2: Strikes out swinging
|
|
Batting: RHB Rob Ward
|
0-0: Ball 1-0: Ball 2-0: Ball Passed Ball! Tim Persson scores Manny Berrones to second 3-0: Base on Balls
|
|
Batting: LHB Bobby Gonzalez
|
0-0: Called Strike 0-1: Swinging Strike Passed Ball! Manny Berrones to third Rob Ward to second 0-2: Ball 1-2: Ball Passed Ball! Manny Berrones scores Rob Ward to third 2-2: Strikes out swinging
|
|
Batting: SHB Marcos Cortez
|
0-0: Ball 1-0: Ball 2-0: Called Strike 2-1: Ball 3-1: Swinging Strike 3-2: Base on Balls
|
|
Batting: RHB Shane Bruce
|
0-0: Ball Passed Ball! Rob Ward scores Marcos Cortez to second 1-0: Called Strike 1-1: Single, Error in OF, E9, batter to second base (Line Drive, 34D, EV 96.9 MPH) Marcos Cortez scores
|
|
Batting: RHB Matthew Orphan
|
0-0: Ball 1-0: Called Strike Passed Ball! Shane Bruce to third 1-1: Ball Passed Ball! Shane Bruce scores 2-1: Foul Ball, location: 2F 2-2: Foul Ball, location: 2F 2-2: Ball 3-2: Foul Ball, location: 2F 3-2: SINGLE (Line Drive, 4M, EV 95.0 MPH)
|
|
Batting: LHB Ernesto Abreu
|
0-0: Ball 1-0: Foul Ball, location: 2F 1-1: Foul Ball, location: 2F 1-2: Foul Ball, location: 2F 1-2: Ball 2-2: Foul Ball, location: 2F 2-2: SINGLE (Line Drive, 8RS, EV 108.8 MPH) Matthew Orphan to second
|
|
Batting: RHB Tim Persson
|
0-0: Ball 1-0: Called Strike 1-1: SINGLE (Flyball, 6MD, EV 95.6 MPH) Matthew Orphan to third Ernesto Abreu to second Runner from 3rd tries for Home, SAFE, throw by CF to home
|
|
Batting: SHB Manny Berrones
|
0-0: Ball Wild Pitch! Ernesto Abreu to third Tim Persson to second 1-0: Fly out, F8 (Flyball, 8LS, EV 97.5 MPH)
|
| Top of the 3rd over - 6 runs, 6 hits, 2 errors, 2 left on base; Burlington 10 - Cleveland (APP) 0 |
| BOTTOM OF THE 3RD |
|
Cleveland (APP) Indians batting - Pitching for Burlington Royals : RHP Steve Ryals
|
|
Batting: LHB Heath Ryland
|
0-0: Called Strike 0-1: Swinging Strike 0-2: Strikes out swinging
|
|
Batting: RHB Ken Shear
|
0-0: Fly out, F3 (Popup, 3SF, EV 80.0 MPH)
|
|
Batting: LHB Jose Esteban
|
0-0: Ball 1-0: Called Strike 1-1: Foul Ball, location: 2F 1-2: Ball 2-2: Foul Ball, location: 2F 2-2: Ball 3-2: Strikes out swinging
|
| Bottom of the 3rd over - 0 runs, 0 hits, 0 errors, 0 left on base; Burlington 10 - Cleveland (APP) 0 |
| TOP OF THE 4TH |
|
Burlington Royals batting - Pitching for Cleveland (APP) Indians : LHP Jordan Jimenez
|
|
Batting: SHB Danny Ballenger
|
0-0: Ball 1-0: Ball 2-0: Ball 3-0: Called Strike 3-1: Base on Balls
|
|
Batting: RHB Rob Ward
|
0-0: Called Strike 0-1: Ball 1-1: Called Strike 1-2: Ball Wild Pitch! Danny Ballenger to second 2-2: Foul Ball, location: 2F 2-2: Foul Ball, location: 2F 2-2: Foul Ball, location: 2F 2-2: Ball 3-2: Base on Balls
|
|
Batting: LHB Bobby Gonzalez
|
0-0: Called Strike 0-1: Ball 1-1: Called Strike 1-2: Foul Ball, location: 2F 1-2: Ball 2-2: Strikes out swinging
|
|
Batting: SHB Marcos Cortez
|
0-0: Called Strike 0-1: Ball 1-1: Called Strike 1-2: Foul Ball, location: 2F 1-2: Strikes out swinging
|
|
Batting: RHB Shane Bruce
|
0-0: Ball Passed Ball! Danny Ballenger to third Rob Ward to second 1-0: Foul Ball, location: 2F 1-1: Foul Ball, location: 2F 1-2: Strikes out swinging
|
| Top of the 4th over - 0 runs, 0 hits, 0 errors, 2 left on base; Burlington 10 - Cleveland (APP) 0 |
| BOTTOM OF THE 4TH |
|
Cleveland (APP) Indians batting - Pitching for Burlington Royals : RHP Steve Ryals
|
|
Batting: RHB John Clark
|
0-0: Ball 1-0: Called Strike 1-1: Swinging Strike 1-2: Ball 2-2: Ball 3-2: Base on Balls
|
|
Batting: RHB Carlos Manriquez
|
0-0: Ball John Clark steals 2nd base 1-0: Ball 2-0: Ball 3-0: Called Strike 3-1: Ground out 4-3 (Groundball, 4, EV 106.3 MPH) John Clark to third
|
|
Batting: RHB Juan Gallardo
|
0-0: Called Strike 0-1: Swinging Strike 0-2: Strikes out swinging
|
|
Batting: RHB Luis Roman
|
0-0: Swinging Strike 0-1: Ball 1-1: Ball 2-1: Foul Ball, location: 2F 2-2: DOUBLE (Flyball, 8RXD, EV 95.6 MPH) John Clark scores
|
|
Batting: LHB Kenji Yokoyama
|
0-0: Ball 1-0: Ball 2-0: Ball 3-0: Called Strike 3-1: Ground out 6-3 (Groundball, 6M, EV 105.6 MPH)
|
| Bottom of the 4th over - 1 run, 1 hit, 0 errors, 1 left on base; Burlington 10 - Cleveland (APP) 1 |
| TOP OF THE 5TH |
|
Burlington Royals batting - Pitching for Cleveland (APP) Indians : LHP Jordan Jimenez
|
|
Batting: RHB Matthew Orphan
|
0-0: Called Strike 0-1: SINGLE (Groundball, 6MD, EV 97.5 MPH)
|
|
Batting: LHB Ernesto Abreu
|
0-0: SINGLE (Groundball, 25, EV 75.0 MPH) (infield hit) Matthew Orphan to second
|
|
Batting: RHB Tim Persson
|
0-0: Ball 1-0: SINGLE (Groundball, 6MD, EV 101.9 MPH) Matthew Orphan to third Ernesto Abreu to second Runner from 3rd tries for Home, SAFE, throw by CF to home
|
|
Batting: SHB Manny Berrones
|
0-0: Reached via error on a dropped throw from 3B, E4 (Groundball, 56, EV 84.4 MPH) Ernesto Abreu to third Tim Persson to second
|
|
Batting: SHB Danny Ballenger
|
0-0: Ball Passed Ball! Ernesto Abreu scores Tim Persson to third Manny Berrones to second 1-0: Called Strike 1-1: Ball 2-1: Foul Ball, location: 2F 2-2: Strikes out swinging
|
|
Batting: RHB Rob Ward
|
0-0: Ball 1-0: Ball Passed Ball! Tim Persson scores Manny Berrones to third 2-0: Foul Ball, location: 2F 2-1: Foul Ball, location: 2F 2-2: Ball Passed Ball! Manny Berrones scores 3-2: Foul Ball, location: 2F 3-2: Base on Balls
|
|
Batting: LHB Bobby Gonzalez
|
0-0: Fielders Choice at 2nd, 3-6 (Groundball, 3, EV 80.0 MPH)
|
|
Batting: SHB Marcos Cortez
|
0-0: Ball 1-0: Ball 2-0: Ball 3-0: Base on Balls Bobby Gonzalez to second
|
|
Batting: RHB Shane Bruce
|
0-0: Ground out 5-3 (Groundball, 56, EV 105.6 MPH)
|
| Top of the 5th over - 4 runs, 3 hits, 1 error, 2 left on base; Burlington 14 - Cleveland (APP) 1 |
| BOTTOM OF THE 5TH |
|
Cleveland (APP) Indians batting - Pitching for Burlington Royals : RHP Steve Ryals
|
|
Batting: RHB Joe Shade
|
0-0: Called Strike 0-1: Foul Ball, location: 2F 0-2: Strikes out swinging
|
|
Batting: LHB Heath Ryland
|
0-0: Swinging Strike 0-1: Ball 1-1: Called Strike 1-2: Strikes out swinging
|
|
Batting: RHB Ken Shear
|
0-0: Swinging Strike 0-1: Ball 1-1: Swinging Strike 1-2: Foul Ball, location: 2F 1-2: Foul Ball, location: 2F 1-2: Fly out, F8 (Flyball, 8RM, EV 94.4 MPH)
|
| Bottom of the 5th over - 0 runs, 0 hits, 0 errors, 0 left on base; Burlington 14 - Cleveland (APP) 1 |
| TOP OF THE 6TH |
|
Burlington Royals batting - Pitching for Cleveland (APP) Indians : LHP Jordan Jimenez
|
|
Batting: RHB Matthew Orphan
|
0-0: Foul Ball, location: 2F 0-1: SINGLE (Line Drive, 6MD, EV 103.8 MPH)
|
|
Batting: LHB Ernesto Abreu
|
0-0: Ball 1-0: Ball 2-0: Ball 3-0: Base on Balls Matthew Orphan to second
|
|
Batting: RHB Tim Persson
|
0-0: Ball 1-0: Called Strike 1-1: Ball Passed Ball! Matthew Orphan to third Ernesto Abreu to second 2-1: Ball 3-1: Base on Balls
|
|
Batting: SHB Manny Berrones
|
0-0: Fielders Choice at 2nd, 4-6 (Groundball, 4, EV 103.8 MPH) Matthew Orphan scores Ernesto Abreu to third
|
|
Batting: SHB Danny Ballenger
|
0-0: Ball 1-0: Ball Passed Ball! Ernesto Abreu scores Manny Berrones to second 2-0: Foul Ball, location: 2F 2-1: Foul Ball, location: 2F 2-2: Ground out 3-1 (Groundball, 34, EV 106.9 MPH) Manny Berrones to third
|
|
Batting: RHB Rob Ward
|
0-0: Ball 1-0: Ball Wild Pitch! Manny Berrones scores 2-0: Ball 3-0: DOUBLE (Line Drive, 78M, EV 94.4 MPH)
|
|
Batting: LHB Bobby Gonzalez
|
0-0: SINGLE (Line Drive, 6M, EV 94.4 MPH) Rob Ward to third Runner from 3rd tries for Home, SAFE, throw by CF to home
|
|
Batting: SHB Marcos Cortez
|
0-0: Ground out 3-1 (Groundball, 34, EV 85.6 MPH)
|
| Top of the 6th over - 4 runs, 3 hits, 0 errors, 1 left on base; Burlington 18 - Cleveland (APP) 1 |
| BOTTOM OF THE 6TH |
|
Cleveland (APP) Indians batting - Pitching for Burlington Royals : RHP Steve Ryals
|
|
Batting: LHB Jose Esteban
|
0-0: Ground out 4-3 (Groundball, 4, EV 93.1 MPH)
|
|
Batting: RHB John Clark
|
0-0: Ball 1-0: Called Strike 1-1: Called Strike 1-2: Strikes out swinging
|
|
Batting: RHB Carlos Manriquez
|
0-0: Ball 1-0: Called Strike 1-1: Ball 2-1: Ball 3-1: Fly out, F8 (Flyball, 8RD, EV 85.6 MPH)
|
| Bottom of the 6th over - 0 runs, 0 hits, 0 errors, 0 left on base; Burlington 18 - Cleveland (APP) 1 |
| TOP OF THE 7TH |
|
Burlington Royals batting - Pitching for Cleveland (APP) Indians : LHP Jordan Jimenez
|
|
Batting: RHB Shane Bruce
|
0-0: Swinging Strike 0-1: Foul Ball, location: 2F 0-2: Foul Ball, location: 2F 0-2: Ball 1-2: Ball 2-2: Foul Ball, location: 2F 2-2: Ball 3-2: Base on Balls
|
|
Batting: RHB Matthew Orphan
|
0-0: Sac Bunt to 25 - play at second, runner safe!
|
|
Batting: LHB Ernesto Abreu
|
0-0: Foul Ball, location: 2F 0-1: Called Strike 0-2: Foul Ball, location: 2F 0-2: SINGLE (Groundball, 3D, EV 108.1 MPH) Shane Bruce to third Matthew Orphan to second
|
|
Batting: RHB Tim Persson
|
0-0: Single, Error in OF, E7, batter to second base (Groundball, 6D, EV 104.4 MPH) Shane Bruce scores Matthew Orphan scores Ernesto Abreu to third
|
|
Batting: SHB Manny Berrones
|
0-0: SINGLE (Line Drive, 4D, EV 98.1 MPH) Ernesto Abreu scores Tim Persson to third
|
|
Batting: SHB Danny Ballenger
|
0-0: Called Strike 0-1: Swinging Strike 0-2: Ball 1-2: Strikes out looking
|
|
Batting: RHB Rob Ward
|
0-0: Fielders Choice at 2nd, 6-4 (Groundball, 6, EV 86.3 MPH) Tim Persson scores
|
|
Batting: LHB Bobby Gonzalez
|
0-0: Ground out 4-3 (Groundball, 4, EV 87.5 MPH)
|
| Top of the 7th over - 4 runs, 3 hits, 1 error, 1 left on base; Burlington 22 - Cleveland (APP) 1 |
| BOTTOM OF THE 7TH |
|
Cleveland (APP) Indians batting - Pitching for Burlington Royals : RHP Steve Ryals
|
|
Batting: RHB Juan Gallardo
|
0-0: Ball 1-0: Ball 2-0: Ball 3-0: Called Strike 3-1: Called Strike 3-2: Base on Balls
|
|
Batting: RHB Luis Roman
|
0-0: Called Strike 0-1: Ball 1-1: Ball 2-1: Ball 3-1: Fly out, F7 (Flyball, 78M, EV 89.4 MPH)
|
|
Batting: LHB Kenji Yokoyama
|
0-0: Fly out, F9 (Flyball, 9, EV 86.3 MPH)
|
|
Batting: RHB Joe Shade
|
0-0: Called Strike 0-1: Foul Ball, location: 2F 0-2: Foul Ball, location: 2F 0-2: Ball Wild Pitch! Juan Gallardo to second 1-2: Strikes out swinging
|
| Bottom of the 7th over - 0 runs, 0 hits, 0 errors, 1 left on base; Burlington 22 - Cleveland (APP) 1 |
| TOP OF THE 8TH |
|
Burlington Royals batting - Pitching for Cleveland (APP) Indians : LHP Jordan Jimenez
|
|
Batting: SHB Marcos Cortez
|
0-0: Called Strike 0-1: Foul Ball, location: 2F 0-2: Ball 1-2: Strikes out swinging
|
|
Batting: RHB Shane Bruce
|
0-0: Fly out, F9 (Flyball, 9, EV 86.9 MPH)
|
|
Batting: RHB Matthew Orphan
|
0-0: SINGLE (Groundball, 56D, EV 98.1 MPH)
|
|
Batting: LHB Ernesto Abreu
|
0-0: Ground out U3 (Groundball, 3, EV 80.0 MPH)
|
| Top of the 8th over - 0 runs, 1 hit, 0 errors, 1 left on base; Burlington 22 - Cleveland (APP) 1 |
| BOTTOM OF THE 8TH |
|
Cleveland (APP) Indians batting - Pitching for Burlington Royals : RHP Steve Ryals
|
|
Pitching: RHP Philip Terrell
|
|
|
Batting: LHB Heath Ryland
|
0-0: Swinging Strike 0-1: Foul Ball, location: 2F 0-2: Fly out, F7 (Flyball, 78M, EV 76.9 MPH)
|
|
Batting: RHB Ken Shear
|
0-0: Reached on error, E6 (Groundball, 6S, EV 69.4 MPH)
|
|
Batting: LHB Jose Esteban
|
0-0: Called Strike 0-1: Ball 1-1: Called Strike 1-2: Ground out 1-3 (Groundball, 34S, EV 66.9 MPH) Ken Shear to third
|
|
Batting: RHB John Clark
|
0-0: Ball 1-0: Ball 2-0: Foul Ball, location: 2F 2-1: Called Strike 2-2: Strikes out swinging
|
| Bottom of the 8th over - 0 runs, 0 hits, 1 error, 1 left on base; Burlington 22 - Cleveland (APP) 1 |
| TOP OF THE 9TH |
|
Burlington Royals batting - Pitching for Cleveland (APP) Indians : LHP Jordan Jimenez
|
|
Batting: RHB Tim Persson
|
0-0: DOUBLE (Flyball, 7D, EV 91.3 MPH)
|
|
Batting: SHB Manny Berrones
|
0-0: Called Strike 0-1: Foul Ball, location: 2F 0-2: Ball 1-2: Foul Ball, location: 2F 1-2: Strikes out swinging
|
|
Batting: SHB Danny Ballenger
|
0-0: Called Strike 0-1: Ball 1-1: Ball 2-1: Swinging Strike 2-2: Strikes out swinging
|
|
Batting: RHB Rob Ward
|
0-0: Ball Passed Ball! Tim Persson to third 1-0: Foul Ball, location: 2F 1-1: Foul Ball, location: 2F 1-2: Strikes out swinging
|
| Top of the 9th over - 0 runs, 1 hit, 0 errors, 1 left on base; Burlington 22 - Cleveland (APP) 1 |
| BOTTOM OF THE 9TH |
|
Cleveland (APP) Indians batting - Pitching for Burlington Royals : RHP Philip Terrell
|
|
Batting: RHB Carlos Manriquez
|
0-0: Swinging Strike 0-1: Swinging Strike 0-2: Ball 1-2: Strikes out swinging
|
|
Batting: RHB Juan Gallardo
|
0-0: Ground out 6-3 (Groundball, 6, EV 103.8 MPH)
|
|
Batting: RHB Luis Roman
|
0-0: Ball 1-0: Ball 2-0: Ball 3-0: Called Strike 3-1: Called Strike 3-2: Strikes out swinging
|
| Bottom of the 9th over - 0 runs, 0 hits, 0 errors, 0 left on base; Burlington 22 - Cleveland (APP) 1 |
|